 Dungeon Crawl Stone Soup version 0.30.0-5-g1a98f26d00 (webtiles) character file.

Game seed: 10568407265945844426

93 fozzywoppz the Shield-Bearer (level 4, -1/37 HPs)
             Began as a Formicid Fighter on May 8, 2023.
             Slain by Natasha (3 damage)
             ... on level 2 of the Dungeon.
             The game lasted 00:02:51 (1360 turns).

fozzywoppz the Shield-Bearer (Formicid Fighter)     Turns: 1360, Time: 00:02:52

Health: -1/37      AC:  7    Str: 23    XL:     4   Next: 92%
Magic:  3/3        EV:  9    Int:  7    God:
Gold:   65         SH:  5    Dex: 13    Spells: 3/3 levels left

rFire   . . .        a - +0 flail
rCold   . . .        c - +0 buckler
rNeg    . . .        b - +0 scale mail
rPois   .            (helmet unavailable)
rElec   .            (no cloak)
rCorr   .            (no gloves)
SInv    +            (no boots)
Will    .....        g - amulet of the acrobat Stlth
                     (no ring)
HPRegen 0.26/turn    (no ring)
MPRegen 0.08/turn

%: acrobat
@: no status effects
A: permanent stasis, dig shafts and tunnels, antennae 3, four strong arms,
hooves 1, low MP 1
a: Dig, Shaft Self


You were on level 2 of the Dungeon.
You visited 1 branch of the dungeon, and saw 2 of its levels.

You collected 65 gold pieces.

Inventory:

Hand Weapons
 a - a +0 flail (weapon)
Armour
 b - a +0 scale mail (worn)
 c - a +0 buckler (worn)
Jewellery
 g - an amulet of the acrobat (around neck)
Scrolls
 e - 3 scrolls of identify {unknown}
 i - a scroll of poison {unknown}
Potions
 d - a potion of might
 f - a potion of curing {unknown}
 h - a potion of attraction {unknown}
 j - a potion of mutation


   Skills:
 + Level 4.0 Fighting
 + Level 2.9 Maces & Flails
 + Level 4.0 Armour
 + Level 5.0 Shields


You had 3 spell levels left.
You didn't know any spells.
Your spell library contained the following spells:

 Spells                   Type           Power      Damage    Failure   Level
 Lesser Beckoning         Tloc           0%         N/A       91%         2
 Momentum Strike          Conj/Tloc      0%         3d8       91%         2
 Passage of Golubria      Tloc           0%         N/A       100%        4
 Silence                  Hex/Air        0%         N/A       100%        5
 Lehudib's Crystal Spear  Conj/Erth      0%         10d2      100%        8
 Blink                    Tloc           Unusable   N/A       N/A         2

Dungeon Overview and Level Annotations

Branches:
Dungeon (2/15)

Altars:

Annotations:
D:2 Natasha, Sigmund


Innate Abilities, Weirdness & Mutations

You cannot be hasted, slowed, berserked, paralysed or teleported.
You can dig through walls and to a lower floor.
You have a pair of large antennae on your head. (SInv)
Your four strong arms can wield two-handed weapons with a shield.
You have large cloven feet.
Your magical capacity is low. (-10% MP)


Message History

You barely miss Natasha.
Natasha is lightly wounded.
You block Natasha's attack.
The cerulean imp hits you but does no damage.
The cerulean imp barely misses you. Natasha claws you!
You hit Natasha.
Natasha is heavily wounded.
The cerulean imp hits you but does no damage.
The cerulean imp closely misses you. Natasha claws you but does no damage.
You hit Natasha.
Natasha is almost dead.
The cerulean imp completely misses you.
The cerulean imp hits you from afar with a +1 spear.
Natasha claws you.
The cerulean imp hits you from afar with a +1 spear.
You hit Natasha.
Natasha is almost dead.
The cerulean imp hits you but does no damage.
Natasha barely misses you.
The cerulean imp hits you but does no damage.
You hit Natasha but do no damage.
Natasha is almost dead.
The cerulean imp hits you from afar with a +1 spear.
Natasha claws you!
* * * LOW HITPOINT WARNING * * *
The cerulean imp hits you from afar with a +1 spear.
* * * LOW HITPOINT WARNING * * *
You block the cerulean imp's attack.
Natasha drinks a potion.
Natasha is healed!
You barely miss Natasha.
The cerulean imp hits you but does no damage.
You block the cerulean imp's attack. Natasha claws you but does no damage.
The cerulean imp barely misses you.
Unknown command.
It was a potion of mutation.
You feel extremely strange.
Your feet thicken and deform.
You feel less energetic.
The cerulean imp hits you from afar with a +1 spear.
* * * LOW HITPOINT WARNING * * *
Natasha claws you.
You die...

......##.###.#
.............#
.....###.##..#
.....#
#.##..#####
###+##
#.##......#
#.........#
#####..55.#
#...h.# ###
#....@#########(#
#...............#
##....#########.#
#....# #.# #....#
#.# # #....#
#####.### #
###### #<......#
# #.###.#.# # #.#
#.#.#


You could see Natasha and 2 cerulean imps.

Vanquished Creatures
  Natasha (twice) (D:2)
  An adder (D:2)
  3 dart slugs
  3 ball pythons (D:2)
  6 endoplasms
  2 goblins (D:1)
  4 hobgoblins
  2 bats (D:1)
  2 frilled lizards (D:1)
  3 kobolds
  4 rats
32 creatures vanquished.

Notes
Turn   | Place    | Note
-------+----------+-------------------------------------------
     0 | D:1      | fozzywoppz the Formicid Fighter began the quest for the
                  | Orb.
     0 | D:1      | Reached XP level 1. HP: 18/18 MP: 1/1
    44 | D:1      | Reached XP level 2. HP: 20/24 MP: 2/2
   184 | D:1      | Found a faded altar of an unknown god.
   406 | D:1      | Reached XP level 3. HP: 26/29 MP: 3/3
   623 | D:2      | Noticed Natasha
   636 | D:2      | Killed Natasha
   637 | D:2      | Reached XP level 4. HP: 20/37 MP: 4/4
   710 | D:2      | Noticed Sigmund
  1117 | D:2      | Noticed Natasha
  1131 | D:2      | Killed Natasha
  1132 | D:2      | Reached skill level 5 in Shields
  1347 | D:2      | Noticed Natasha
  1360 | D:2      | Gained mutation: You have large cloven feet. [potion of
                  | mutation]
  1360 | D:2      | Gained mutation: Your magical capacity is low. (-10% MP)
                  | [potion of mutation]
  1360 | D:2      | Slain by Natasha

Illustrated notes

Levels and vault maps discovered:
D:1:      grunt_arrival_crossed_arrows, layout_basic,
          chequers_ecumenical_altar_simple_redux
D:2:      layout_basic, uniq_crazy_yiuf_cottage, uniq_sigmund, uniq_natasha

Skill      XL: |  1  2  3  4 |
---------------+-------------+-----
Fighting       | 4 |  4.0
Armour         | 4 |  4.0
Shields        | 5 |  5.0
Maces & Flails | |  2.9

Action                     |  1- 3 |  4- 6 || total
---------------------------+-------+-------++-------
  Melee: Flail             |    65 |    51 ||   116
    Use: Potion            |       |     1 ||     1
 Armour: Scale mail        |    21 |    21 ||    42
  Dodge: Dodged            |    23 |    35 ||    58
  Block: Buckler           |    18 |    18 ||    36
